TOP OF THE 1ST |
Hendersonville Hitmen batting - Pitching for Orlando Calrissian : RHP Dema Mitenkov
|
Pitching: RHP Dema Mitenkov
|
|
Batting: RHB Carlos García
|
0-0: Ball 1-0: Swinging Strike 1-1: Foul Ball, location: 2F 1-2: Strikes out swinging
|
Batting: SHB David Johnstone
|
0-0: Foul Ball, location: 2F 0-1: Ground out 6-3 (Groundball, 56)
|
Batting: LHB Terry White
|
0-0: Ball 1-0: Ball 2-0: Called Strike 2-1: Foul Ball, location: 2F 2-2: Strikes out swinging
|
Top of the 1st over - 0 run(s), 0 hit(s), 0 error(s), 0 left on base; Hendersonville 0 - Orlando 0 |
BOTTOM OF THE 1ST |
Orlando Calrissian batting - Pitching for Hendersonville Hitmen : RHP Armando Pérez
|
Pitching: RHP Armando Pérez
|
|
Batting: LHB Danny Allen
|
0-0: Ball 1-0: Ball 2-0: Foul Ball, location: 2F 2-1: Foul Ball, location: 2F 2-2: Strikes out swinging
|
Batting: RHB Jesús Maes
|
0-0: Ball 1-0: Foul Ball, location: 2F 1-1: Called Strike 1-2: Foul Ball, location: 2F 1-2: Ground out 4-3 (Groundball, 4)
|
Batting: LHB Santiago Márquez
|
0-0: Called Strike 0-1: Ball 1-1: Called Strike 1-2: Strikes out looking
|
Bottom of the 1st over - 0 run(s), 0 hit(s), 0 error(s), 0 left on base; Hendersonville 0 - Orlando 0 |
TOP OF THE 2ND |
Hendersonville Hitmen batting - Pitching for Orlando Calrissian : RHP Dema Mitenkov
|
Batting: RHB Manolo Román
|
0-0: Ball 1-0: Called Strike 1-1: Ball 2-1: Foul Ball, location: 2F 2-2: Strikes out swinging
|
Batting: LHB Jerry Johnston
|
0-0: Ball 1-0: Ball 2-0: Foul Ball, location: 2F 2-1: Foul Ball, location: 2F 2-2: Ball 3-2: Base on Balls
|
Batting: SHB Tony López
|
0-0: Called Strike 0-1: Grounds into double play, 4-6-3 (Groundball, 4)
|
Top of the 2nd over - 0 run(s), 0 hit(s), 0 error(s), 0 left on base; Hendersonville 0 - Orlando 0 |
BOTTOM OF THE 2ND |
Orlando Calrissian batting - Pitching for Hendersonville Hitmen : RHP Armando Pérez
|
Batting: LHB Leo Wyeth
|
0-0: Ball 1-0: Ball 2-0: Ball 3-0: Called Strike 3-1: Base on Balls
|
Batting: RHB Eugene Gill
|
0-0: Ball 1-0: Swinging Strike 1-1: Fly out, F3 (Popup, 3F)
|
Batting: RHB Jorge Rodríguez
|
0-0: Ball 1-0: Called Strike 1-1: Grounds into double play, 5-4-3 (Groundball, 56)
|
Bottom of the 2nd over - 0 run(s), 0 hit(s), 0 error(s), 0 left on base; Hendersonville 0 - Orlando 0 |
TOP OF THE 3RD |
Hendersonville Hitmen batting - Pitching for Orlando Calrissian : RHP Dema Mitenkov
|
Batting: RHB Enrique Aguilar
|
0-0: Ball 1-0: Ball 2-0: Called Strike 2-1: Ball 3-1: Base on Balls
|
Batting: RHB Robert Buckley
|
0-0: Swinging Strike 0-1: Grounds into double play, 6-4-3 (Groundball, 6)
|
Batting: RHB Taylor McFarland
|
0-0: Ball 1-0: Called Strike 1-1: DOUBLE (Line Drive, 78M)
|
Batting: RHB Carlos García
|
0-0: Ball 1-0: Ball 2-0: Ball 3-0: Called Strike 3-1: Foul Ball, location: 2F 3-2: Base on Balls
|
Batting: SHB David Johnstone
|
0-0: Foul Ball, location: 2F 0-1: Ground out 3-1 (Groundball, 34)
|
Top of the 3rd over - 0 run(s), 1 hit(s), 0 error(s), 2 left on base; Hendersonville 0 - Orlando 0 |
BOTTOM OF THE 3RD |
Orlando Calrissian batting - Pitching for Hendersonville Hitmen : RHP Armando Pérez
|
Batting: RHB Raúl Canó
|
0-0: SINGLE (Line Drive, 34D)
|
Batting: LHB Rubén Díaz
|
0-0: Fly out, F8 (Flyball, 8RM)
|
Batting: RHB Juan Aquino
|
0-0: Called Strike 0-1: Ball 1-1: Ball 2-1: Ball 3-1: Swinging Strike 3-2: Fly out, F8 (Flyball, 8LXD) Runner from 1st tags up, SAFE at 2nd
|
Batting: LHB Danny Allen
|
0-0: Ball 1-0: Fly out, F5 (Popup, 5SF)
|
Bottom of the 3rd over - 0 run(s), 1 hit(s), 0 error(s), 1 left on base; Hendersonville 0 - Orlando 0 |
TOP OF THE 4TH |
Hendersonville Hitmen batting - Pitching for Orlando Calrissian : RHP Dema Mitenkov
|
Batting: LHB Terry White
|
0-0: Ball 1-0: Foul Ball, location: 2F 1-1: Foul Ball, location: 2F 1-2: Ball 2-2: Ball 3-2: Strikes out swinging
|
Batting: RHB Manolo Román
|
0-0: SINGLE (Groundball, 34D)
|
Batting: LHB Jerry Johnston
|
0-0: Reached on error, E1 (Groundball, 13) Manolo Román to second
|
Batting: SHB Tony López
|
0-0: Ball 1-0: Ball 2-0: Called Strike 2-1: Swinging Strike 2-2: Fly out, F8 (Flyball, 8RM)
|
Batting: RHB Enrique Aguilar
|
0-0: Called Strike 0-1: Ball 1-1: Fielders Choice at 2nd, U6 (Groundball, 6M)
|
Top of the 4th over - 0 run(s), 1 hit(s), 1 error(s), 2 left on base; Hendersonville 0 - Orlando 0 |
BOTTOM OF THE 4TH |
Orlando Calrissian batting - Pitching for Hendersonville Hitmen : RHP Armando Pérez
|
Batting: RHB Jesús Maes
|
0-0: Called Strike 0-1: Ball 1-1: Foul Ball, location: 2F 1-2: Strikes out swinging
|
Batting: LHB Santiago Márquez
|
0-0: Called Strike 0-1: DOUBLE (Line Drive, 9LD)
|
Batting: LHB Leo Wyeth
|
0-0: Ball 1-0: Ball 2-0: Called Strike 2-1: Foul Ball, location: 2F 2-2: Ground out U3 (Groundball, 3) Santiago Márquez to third
|
Batting: RHB Eugene Gill
|
0-0: Ball 1-0: Called Strike 1-1: Foul Ball, location: 2F 1-2: Ground out 5-3 (Groundball, 5S)
|
Bottom of the 4th over - 0 run(s), 1 hit(s), 0 error(s), 1 left on base; Hendersonville 0 - Orlando 0 |
TOP OF THE 5TH |
Hendersonville Hitmen batting - Pitching for Orlando Calrissian : RHP Dema Mitenkov
|
Batting: RHB Robert Buckley
|
0-0: Ball 1-0: Ball 2-0: Called Strike 2-1: Foul Ball, location: 2F 2-2: Ball 3-2: Base on Balls
|
Batting: RHB Taylor McFarland
|
0-0: Called Strike 0-1: Ball 1-1: Ground out 3-1 (Groundball, 34) Robert Buckley to second
|
Batting: RHB Carlos García
|
0-0: Called Strike 0-1: Ball 1-1: Ground out 4-3 (Groundball, 4M) Robert Buckley to third
|
Batting: SHB David Johnstone
|
0-0: Swinging Strike 0-1: Ball 1-1: Foul Ball, location: 2F 1-2: Foul Ball, location: 2F 1-2: Ground out 4-3 (Groundball, 34)
|
Top of the 5th over - 0 run(s), 0 hit(s), 0 error(s), 1 left on base; Hendersonville 0 - Orlando 0 |
BOTTOM OF THE 5TH |
Orlando Calrissian batting - Pitching for Hendersonville Hitmen : RHP Armando Pérez
|
Batting: RHB Jorge Rodríguez
|
0-0: Called Strike 0-1: Foul Ball, location: 2F 0-2: Strikes out swinging
|
Batting: RHB Raúl Canó
|
0-0: Swinging Strike 0-1: Ground out 4-3 (Groundball, 4)
|
Batting: LHB Rubén Díaz
|
0-0: Ball 1-0: Foul Ball, location: 2F 1-1: Ball 2-1: Foul Ball, location: 2F 2-2: Ground out 6-3 (Groundball, 6)
|
Bottom of the 5th over - 0 run(s), 0 hit(s), 0 error(s), 0 left on base; Hendersonville 0 - Orlando 0 |
TOP OF THE 6TH |
Hendersonville Hitmen batting - Pitching for Orlando Calrissian : RHP Dema Mitenkov
|
Batting: LHB Terry White
|
0-0: Ball 1-0: Called Strike 1-1: SOLO HOME RUN (Flyball, 7D), Distance : 370 ft
|
Batting: RHB Manolo Román
|
0-0: Ground out 5-3 (Groundball, 56)
|
Batting: LHB Jerry Johnston
|
0-0: Ball 1-0: Fly out, F8 (Popup, 8LS)
|
Batting: SHB Tony López
|
0-0: Foul Ball, location: 2F 0-1: Called Strike 0-2: Ball 1-2: Foul Ball, location: 2F 1-2: Foul Ball, location: 2F 1-2: SINGLE (Groundball, 4MD) (infield hit)
|
Batting: RHB Enrique Aguilar
|
0-0: Ball 1-0: Fly out, F9 (Flyball, 9LS)
|
Top of the 6th over - 1 run(s), 2 hit(s), 0 error(s), 1 left on base; Hendersonville 1 - Orlando 0 |
BOTTOM OF THE 6TH |
Orlando Calrissian batting - Pitching for Hendersonville Hitmen : RHP Armando Pérez
|
Batting: RHB Juan Aquino
|
0-0: Fly out, F5 (Line Drive, 56)
|
Batting: LHB Danny Allen
|
0-0: Ball 1-0: Ball 2-0: Ball 3-0: Called Strike 3-1: Foul Ball, location: 2F 3-2: Strikes out swinging
|
Batting: RHB Jesús Maes
|
0-0: Ball 1-0: Called Strike 1-1: Called Strike 1-2: Strikes out swinging
|
Bottom of the 6th over - 0 run(s), 0 hit(s), 0 error(s), 0 left on base; Hendersonville 1 - Orlando 0 |
TOP OF THE 7TH |
Hendersonville Hitmen batting - Pitching for Orlando Calrissian : RHP Dema Mitenkov
|
Pitching: RHP Josh Graham
|
|
Batting: RHB Robert Buckley
|
0-0: Swinging Strike 0-1: Ball 1-1: Called Strike 1-2: Foul Ball, location: 2F 1-2: Ball 2-2: Strikes out swinging
|
Batting: RHB Taylor McFarland
|
0-0: Ball 1-0: Fly out, F8 (Flyball, 89M)
|
Batting: RHB Carlos García
|
0-0: Ball 1-0: Ground out 5-3 (Groundball, 5)
|
Top of the 7th over - 0 run(s), 0 hit(s), 0 error(s), 0 left on base; Hendersonville 1 - Orlando 0 |
BOTTOM OF THE 7TH |
Orlando Calrissian batting - Pitching for Hendersonville Hitmen : RHP Armando Pérez
|
Batting: LHB Santiago Márquez
|
0-0: Fly out, F8 (Flyball, 8RS)
|
Batting: LHB Leo Wyeth
|
0-0: Ball 1-0: Called Strike 1-1: Ground out 2-3 (Groundball, 2L)
|
Batting: RHB Eugene Gill
|
0-0: Called Strike 0-1: Called Strike 0-2: Ball 1-2: Strikes out swinging
|
Bottom of the 7th over - 0 run(s), 0 hit(s), 0 error(s), 0 left on base; Hendersonville 1 - Orlando 0 |
TOP OF THE 8TH |
Hendersonville Hitmen batting - Pitching for Orlando Calrissian : RHP Josh Graham
|
Batting: SHB David Johnstone
|
0-0: Ball 1-0: Ball 2-0: Foul Ball, location: 2F 2-1: Foul Ball, location: 2F 2-2: Strikes out swinging
|
Batting: LHB Terry White
|
0-0: Ball 1-0: Ground out U3 (Groundball, 3)
|
Batting: RHB Manolo Román
|
0-0: Foul Ball, location: 2F 0-1: Ball 1-1: Called Strike 1-2: Ball 2-2: Strikes out swinging
|
Top of the 8th over - 0 run(s), 0 hit(s), 0 error(s), 0 left on base; Hendersonville 1 - Orlando 0 |
BOTTOM OF THE 8TH |
Orlando Calrissian batting - Pitching for Hendersonville Hitmen : RHP Armando Pérez
|
Batting: RHB Jorge Rodríguez
|
0-0: Ball 1-0: Ball 2-0: Called Strike 2-1: Ball 3-1: Foul Ball, location: 2F 3-2: Foul Ball, location: 2F 3-2: Base on Balls
|
Batting: RHB Raúl Canó
|
0-0: Bunted foul 0-1: Ball 1-1: Sac Bunt - play at second, runner OUT! 5-6
|
Pitching: RHP Robinson Gonzáles
|
|
Pinch Hitting: RHB Rich Anderson
|
0-0: Called Strike 0-1: Ground out 5-3 (Groundball, 56) Raúl Canó to second
|
Pinch Hitting: LHB Tom Mullins
|
0-0: Ball 1-0: Called Strike 1-1: Ball 2-1: Ball 3-1: Called Strike 3-2: Strikes out swinging
|
Bottom of the 8th over - 0 run(s), 0 hit(s), 0 error(s), 1 left on base; Hendersonville 1 - Orlando 0 |
TOP OF THE 9TH |
Hendersonville Hitmen batting - Pitching for Orlando Calrissian : RHP Josh Graham
|
Now at 3B: Steve Garneys
|
|
Now at SS: Tom Mullins
|
|
Batting: LHB Jerry Johnston
|
0-0: Called Strike 0-1: Ball 1-1: Called Strike 1-2: Ball 2-2: Strikes out swinging
|
Pitching: RHP Paco Gutiérrez
|
|
Batting: SHB Tony López
|
0-0: Called Strike 0-1: Called Strike 0-2: Strikes out swinging, 2-3 out at first.
|
Batting: RHB Enrique Aguilar
|
0-0: Ball 1-0: Called Strike 1-1: Called Strike 1-2: Ball 2-2: Foul Ball, location: 2F 2-2: Ball 3-2: SINGLE (Groundball, 6MD)
|
Pitching: RHP Yodo Nishikawa
|
|
Pinch Hitting: LHB José Flores
|
0-0: Ground out 2-3 (Groundball, 2L)
|
Top of the 9th over - 0 run(s), 1 hit(s), 0 error(s), 1 left on base; Hendersonville 1 - Orlando 0 |
BOTTOM OF THE 9TH |
Orlando Calrissian batting - Pitching for Hendersonville Hitmen : RHP Robinson Gonzáles
|
Pitching: RHP Francisco Carrasco
|
|
Now at 2B: Junior Vargas
|
|
Batting: LHB Danny Allen
|
0-0: Ball 1-0: Foul Ball, location: 2F 1-1: Swinging Strike 1-2: Foul Ball, location: 2F 1-2: Ball 2-2: Ball 3-2: Strikes out swinging
|
Batting: RHB Jesús Maes
|
0-0: Called Strike 0-1: Hit by Pitch
|
Batting: LHB Santiago Márquez
|
0-0: Called Strike 0-1: Called Strike 0-2: Ball Error on foul ball, E3 1-2: Foul Ball, location: 2F 1-2: Ball 2-2: Strikes out looking
|
Batting: LHB Leo Wyeth
|
0-0: Swinging Strike 0-1: Called Strike 0-2: Foul Ball, location: 2F 0-2: Ball 1-2: Fly out, F4 (Popup, 4D)
|
Bottom of the 9th over - 0 run(s), 0 hit(s), 1 error(s), 1 left on base; Hendersonville 1 - Orlando 0 |
|